 Dungeon Crawl Stone Soup version 0.21.0-3-g78d12a8 (webtiles) character file.

12 tidbits the Conjurer (level 2, 0/14 HPs)
             Began as a Vine Stalker Conjurer on Jan 10, 2018.
             Succumbed to an adder's poison
             ... on level 2 of the Dungeon.
             The game lasted 00:03:15 (476 turns).

tidbits the Conjurer (Vine Stalker Conjurer)         Turns: 476, Time: 00:03:16

Health: 0/14       AC:  2    Str: 10    XL:     2   Next: 33%
Magic:  1/6        EV: 12    Int: 15    God:
Gold:   29         SH:  0    Dex: 14    Spells: 4/5 levels left

rFire    . . .     SeeInvis .   l - +0 short sword
rCold    . . .     Gourm    .   (no shield)
rNeg     . . .     Faith    .   a - +0 robe
rPois    .         Spirit   +   (no helmet)
rElec    .         Reflect  .   (no cloak)
rCorr    .         Harm     .   (no gloves)
MR       .....     Rnd*Tele +   (no boots)
Stlth    ++........             (no amulet)
HPRegen  0.04/turn              e - ring of teleportation (curse)
MPRegen  0.10/turn              (no ring)

@: lethally poisoned (0 -> -10)
A: fangs 2, magic shield, antimagic bite, no potion heal 3, rot immunity
a: no special abilities


You were on level 2 of the Dungeon.
You were not hungry.

You visited 1 branch of the dungeon, and saw 2 of its levels.

You collected 29 gold pieces.

Inventory:

Hand Weapons
 l - a +0 short sword (weapon)
Armour
 a - a +0 robe (worn)
Jewellery
 e - a cursed ring of teleportation (left hand)
   (You found it on level 1 of the Dungeon)
Scrolls
 d - 2 scrolls of enchant armour {unknown}
 g - 2 scrolls of identify {unknown}
 i - a scroll of blinking {unknown}
 j - a scroll of remove curse {unknown}
 k - a scroll of random uselessness {unknown}
Potions
 f - 2 potions of berserk rage {unknown}
 h - 2 potions of flight {unknown}
Books
 b - a book of Conjurations

   Spells                             Type                      Level
   a - Magic Dart                     Conjuration                  1
   b - Searing Ray                    Conjuration                  2
   c - Dazzling Spray                 Conjuration/Hexes            3
   d - Fulminant Prism                Conjuration/Hexes            4
   e - Force Lance                    Conjuration/Translocation    4
   f - Iskenderun's Mystic Blast      Conjuration                  4
Comestibles
 c - 2 rations


   Skills:
 + Level 1.0 Fighting
 + Level 0.0 Short Blades
 - Level 1.5 Dodging
 + Level 3.1 Stealth
 - Level 2.2 Spellcasting
 - Level 4.0 Conjurations


You had 4 spell levels left.
You knew the following spells:

 Your Spells              Type           Power        Failure   Level  Hunger
a - Magic Dart            Conj           ##..         4%          1    #......


Dungeon Overview and Level Annotations

Branches:
Dungeon (2/15)

Altars:


Innate Abilities, Weirdness & Mutations

You have extremely sharp teeth.
When hurt, damage is shared between your health and your magic reserves.
Your bite disrupts and absorbs the magic of your enemies.
Potions cannot restore your health.
You are immune to rotting.


Message History

Confirm with . or Enter, or press ? or * to list all spells.
Aiming: Magic Dart
Press: ? - help, Shift-Dir - straight line, f - rat
Aim: a rat (resting)
The magic dart hits the rat.
You kill the rat!
Casting: Magic Dart
Confirm with . or Enter, or press ? or * to list all spells.
Aiming: Magic Dart
Press: ? - help, Shift-Dir - straight line, f - goblin
Aim: a goblin (resting)
The magic dart hits the goblin.
The goblin is severely wounded.
The goblin shouts!
Casting: Magic Dart
Confirm with . or Enter, or press ? or * to list all spells.
Aiming: Magic Dart
Press: ? - help, Shift-Dir - straight line, f/p - goblin
Aim: a goblin (severely wounded)
The magic dart hits the goblin.
You kill the goblin!
Found a ration.
c - 2 rations (gained 1)
You see here a hand axe.
There is an open door here.
HP restored.
Found a short sword and 21 stones.
You see here a short sword.
l - a short sword Wield which item (- for none, * to show all)? (? for menu, Esc to quit)
l - a +0 short sword (weapon)
You see here 21 stones.
There is a stone staircase leading down here.
You climb downwards.
There is a stone staircase leading up here.
Unknown command.
g - 2 scrolls labeled QICA FIPRAI (gained 1)
f - 2 black potions (gained 1)
Found 15 gold pieces.
The adder hisses angrily.
You see here a ration.
A bat comes into view.
Casting: Magic Dart
Confirm with . or Enter, or press ? or * to list all spells.
Aiming: Magic Dart
Press: ? - help, Shift-Dir - straight line, f - adder
Aim: an adder The magic dart hits the adder.
The adder is moderately wounded.
The adder misses you.
Casting: Magic Dart
Confirm with . or Enter, or press ? or * to list all spells.
Aiming: Magic Dart
Press: ? - help, Shift-Dir - straight line, f/p - adder
Aim: an adder (moderately wounded)
The magic dart hits the adder.
The adder is moderately wounded.
The adder closely misses you.
Casting: Magic Dart
Confirm with . or Enter, or press ? or * to list all spells.
Aiming: Magic Dart
Press: ? - help, Shift-Dir - straight line, f/p - adder
Aim: an adder (moderately wounded)
The magic dart hits the adder.
The adder is moderately wounded.
The adder bites you.
You are poisoned.
The adder poisons you! The adder misses you.
You feel sick.
You hit the adder but do no damage.
The adder is moderately wounded.
The adder closely misses you. The adder barely misses you.
You barely miss the adder. Your bite misses the adder.
The adder is moderately wounded.
You feel sick. The adder bites you.
Casting: Magic Dart
Confirm with . or Enter, or press ? or * to list all spells.
Aiming: Magic Dart
Press: ? - help, Shift-Dir - straight line, f/p - adder
Aim: an adder (moderately wounded)
The magic dart hits the adder.
The adder is heavily wounded.
The adder misses you.
Casting: Magic Dart
Confirm with . or Enter, or press ? or * to list all spells.
Aiming: Magic Dart
Press: ? - help, Shift-Dir - straight line, f/p - adder
Aim: an adder (heavily wounded)
The magic dart hits the adder.
The adder is almost dead.
The adder bites you.
* * * LOW HITPOINT WARNING * * *
The adder bites you.
* * * LOW HITPOINT WARNING * * *
You are more poisoned.
The adder poisons you!
Okay, then.
You barely miss the adder. Your bite misses the adder.
The adder is almost dead.
You die...

#........ #........
......... #.....#.
........# b......
#........ ......#
.........
#....#####.........
#..$#.........<..#
#.#......%>.#.....
##@#....w.....#####
##..Sw.........#
#......%[......#
#####..........#
#..........#
##........##
##[.......##
#.<........#
#..........#


You could see an adder and a dart slug.

Vanquished Creatures
  A dart slug (D:1)
  A bat (D:1)
  2 goblins (D:1)
  2 hobgoblins (D:1)
  2 frilled lizards (D:1)
  A kobold (D:1)
  A rat (D:1)
10 creatures vanquished.

Notes
Turn   | Place    | Note
-------+----------+-------------------------------------------
     0 | D:1      | tidbits the Vine Stalker Conjurer began the quest for the Orb.
     0 | D:1      | Reached XP level 1. HP: 9/9 MP: 4/4
   275 | D:1      | Reached skill level 3 in Stealth
   275 | D:1      | Reached XP level 2. HP: 14/14 MP: 4/6
   289 | D:1      | Reached skill level 1 in Fighting
   475 | D:2      | HP: 1/14 [adder (4)]
   476 | D:2      | Succumbed to an adder's poison

Skill      XL: |  1  2 |
---------------+-------+-----
Stealth        | 3 |  3.1
Fighting       | 1 |  1.0
Dodging        | |  1.5
Spellcasting   | |  2.2
Conjurations   | |  4.0

Action                   || total
-------------------------++-------
Melee: Short sword       ||     3
       Unarmed           ||     1
 Cast: Magic Dart        ||    24
Dodge: Dodged            ||     8

Table legend:
 A = Turns spent in this place as a percentage of turns spent in the entire game.
 B = Non-inter-level travel turns spent in this place as a percentage of non-inter-level travel turns spent in the entire game.
 C = Inter-level travel turns spent in this place as a percentage of turns spent in this place.
 D = Turns resting spent in this place as a percentage of non-inter-level travel turns spent in this place.
 E = Turns spent auto-exploring this place as a percentage of non-inter-level travel turns spent in this place.
 F = Non-inter-level travel turns spent in this place divided by the number of levels of this place that you've seen.
                   A       B       C       D       E      F
               +-------+-------+-------+-------+-------+----------------------
         Total | 100.0 | 100.0 |   3.8 |   0.0 |   0.0 | 229.0
       Dungeon | 100.0 | 100.0 |   3.8 |   0.0 |   0.0 | 229.0
               +-------+-------+-------+-------+-------+----------------------

Table legend:
 A = Kills in this place as a percentage of kills in entire the game.
 B = Kills by you in this place as a percentage of kills by you in the entire game.
 C = Kills by friends in this place as a percentage of kills by friends in the entire game.
 D = Other kills in this place as a percentage of other kills in the entire game.
 E = Experience gained in this place as a percentage of experience gained in the entire game.
 F = Experience gained in this place divided by the number of levels of this place that you have seen.
                   A       B       C       D       E      F
               +-------+-------+-------+-------+-------+----------------------
         Total | 100.0 | 100.0 |   N/A |   N/A | 100.0 |   9.0
       Dungeon | 100.0 | 100.0 |   N/A |   N/A | 100.0 |   9.0
               +-------+-------+-------+-------+-------+----------------------

Vault maps used:
D:1:      dpeg_arrival_shrine
D:2:      cheibrodos_greedy_goblins, marbit_many_paths, first_ration
